 Dungeon Crawl Stone Soup version 0.28.0-53-g5a82cb258f (webtiles) character file.

Game seed: 9649942175120823162

132807 DildoBatman the Earth Mage (level 17, -5/119 (128) HPs)
             Began as a Formicid Conjurer on July 9, 2022.
             Was an Initiate of Gozag.
             Slain by a culicivora (17 damage)
             ... on level 1 of the Spider Nest.
             The game lasted 01:49:12 (27165 turns).

DildoBatman the Earth Mage (Formicid Conjurer)     Turns: 27165, Time: 01:49:12

HP:   -5/119 (128)  AC: 15    Str: 17    XL:     17   Next: 70%
MP:   33/33         EV:  6    Int: 25    God:    Gozag
Gold: 5467          SH:  0    Dex: 15    Spells: 21/40 levels left

rFire   . . .      SeeInvis +   a - +3 short sword of the Equator {protect, rElec rPois}
rCold   . . .      Faith    .   H - +2 tower shield
rNeg    + . .      Spirit   .   x - +5 ring mail of the Secret Artists {Regen+}
rPois   +          Reflect  .   (helmet unavailable)
rElec   +          Harm     .   q - +0 cloak
rCorr   .          Rampage  .   m - +0 pair of gloves {hurl}
Will    ++...                   (no boots)
Stlth   ..........              r - amulet of regeneration
HPRegen 1.89/turn               W - ring of Igorix {Drain rN+ Will+ Str+4}
MPRegen 0.23/turn               l - +6 ring of intelligence

@: confused, held, drained
A: permanent stasis, dig shafts and tunnels, antennae 3, four strong arms,
mutation resistance 1, sense surroundings 1, screaming 2
a: Dig, Shaft Self, Renounce Religion, Potion Petition, Call Merchant, Bribe
Branch


You were on level 1 of the Spider Nest.
You worshipped Gozag.
Gozag was greatly pleased with you.
You visited 5 branches of the dungeon, and saw 25 of its levels.
You also visited: Gauntlet.

You collected 6617 gold pieces.
You spent 495 gold pieces at shops.
You paid 655 gold pieces to Gozag.

Inventory:

Hand Weapons
 a - the +3 short sword of the Equator (weapon) {protect, rElec rPois}
   (You found it on level 2 of the Dungeon)

   It grants its wielder temporary protection when it strikes (+7 to AC).
   rElec:     It insulates you from electricity.
   rPois:     It protects you from poison.
 c - a +3 shortbow
Missiles
 p - 7 throwing nets
 A - 116 bolts
 B - 679 arrows
 K - 169 sling bullets
 O - 7 silver javelins
Armour
 m - a +0 pair of gloves of hurling (worn)
 q - a +0 cloak (worn)
 x - the +5 ring mail of the Secret Artists (worn) {Regen+}
   (You found it on level 3 of the Dungeon)

   Regen:     It increases your rate of health regeneration.
 H - a +2 tower shield (worn)
Magical Staves
 w - a staff of earth
 X - a staff of death
Jewellery
 g - the ring of Cinugg {rC+ rN+ Will+ Stlth+}
   (You found it on level 6 of the Lair of Beasts)

   [ring of positive energy]

   rC:        It protects you from cold.
   rN:        It protects you from negative energy.
   Will:      It increases your willpower.
   Stlth:     It makes you more stealthy.
 l - a +6 ring of intelligence (right hand)
 r - an amulet of regeneration (around neck)
 t - a +6 ring of dexterity
 v - a ring of resist corrosion
 y - a +6 ring of dexterity
 D - a ring of protection from fire
 M - a ring of protection from cold
 V - a ring of protection from fire
 W - the ring of Igorix (left hand) {Drain rN+ Will+ Str+4}
   (You found it on level 12 of the Dungeon)

   [ring of willpower]

   Str:       It affects your strength (+4).
   rN:        It protects you from negative energy.
   Drain:     It drains your maximum health when unequipped.
   Will:      It increases your willpower.
Wands
 C - a wand of acid (10)
 G - a wand of iceblast (5)
Scrolls
 b - 2 scrolls of torment {unknown}
 d - a scroll of blinking {unknown}
 f - 2 scrolls of noise {unknown}
 h - a scroll of holy word {unknown}
 j - 8 scrolls of fear
 n - a scroll of silence {unknown}
 o - a scroll of enchant armour {unknown}
 u - 4 scrolls of fog
 F - 2 scrolls of magic mapping {unknown}
 T - 4 scrolls of summoning
 U - a scroll of immolation {unknown}
 Y - 2 scrolls of amnesia {unknown}
Potions
 e - 6 potions of flight
 i - 5 potions of invisibility
 s - 7 potions of curing
 E - 3 potions of magic
 I - 5 potions of might
 N - 3 potions of heal wounds
 P - a potion of attraction {unknown}
 Q - 3 potions of haste {unknown}
 R - 10 potions of ambrosia
 S - 4 potions of brilliance {unknown}
 Z - 3 potions of resistance
Miscellaneous
 L - a condenser vane


   Skills:
 - Level 10.0 Fighting
 - Level 10.0 Armour
 - Level 7.0 Dodging
 - Level 2.4 Stealth
 * Level 14.8 Shields
 - Level 12.0 Spellcasting
 - Level 6.0 Conjurations
 - Level 15.2 Necromancy
 - Level 16.3 Earth Magic


You had 21 spell levels left.
You knew the following spells:

 Your Spells              Type           Power      Damage    Failure   Level
a - Borgnjor's Vile Clut  Necr/Erth      38%        N/A       1%          5
b - Stone Arrow           Conj/Erth      100%       3d13      1%          3
c - Searing Ray           Conj           90%        2d7       2%          2
e - Mephitic Cloud        Conj/Pois/Air  25%        N/A       24%         3
f - Magic Dart            Conj           100%       1d8       1%          1
g - Ozocubu's Armour      Ice            15%        N/A       47%         3
z - Sublimation of Blood  Necr           74%        N/A       1%          2

Your spell library contained the following spells:

 Spells                   Type           Power      Damage    Failure   Level
 Animate Skeleton         Necr           100%       N/A       1%          1
 Pain                     Necr           100%       1d9       1%          1
 Sandblast                Erth           100%       2d20      1%          1
 Passwall                 Tmut/Erth      45%        N/A       1%          2
 Animate Dead             Necr           37%        N/A       1%          4
 Agony                    Necr           74%        N/A       1%          5
 Excruciating Wounds      Necr           37%        N/A       1%          5
 Lee's Rapid Deconstruct  Erth           38%        3d20*     1%          5
 Shock                    Conj/Air       100%       1d9       5%          1
 Anguish                  Hex/Necr       26%        N/A       8%          4
 Dazzling Flash           Conj/Hex       60%        N/A       16%         3
 Apportation              Tloc           30%        N/A       19%         1
 Sting                    Tmut/Pois      60%        1d6       19%         1
 Call Imp                 Summ           15%        N/A       26%         2
 Poisonous Vapours        Pois/Air       30%        N/A       26%         2
 Fulminant Prism          Conj/Hex       15%        3d11      45%         4
 Hailstorm                Conj/Ice       30%        3d8       45%         4
 Iskenderun's Mystic Bla  Conj/Tloc      30%        2d8       45%         4
 Simulacrum               Ice/Necr       26%        N/A       77%         6
 Airstrike                Air            7%         N/A       87%         4
 Cause Fear               Hex            7%         N/A       87%         4
 Ice Form                 Ice/Tmut       15%        N/A       87%         4
 Olgreb's Toxic Radiance  Pois           15%        N/A       87%         4
 Summon Ice Beast         Ice/Summ       15%        N/A       87%         4
 Borgnjor's Revivificati  Necr           37%        N/A       92%         8
 Infestation              Necr           37%        N/A       92%         8
 Alistair's Intoxication  Tmut/Pois      10%        N/A       99%         5
 Metabolic Englaciation   Hex/Ice        7%         N/A       99%         5
 Summon Forest            Summ/Tloc      7%         N/A       99%         5
 Summon Mana Viper        Hex/Summ       15%        N/A       99%         5
 Summon Cactus Giant      Summ           7%         N/A       100%        6
 Dragon Form              Tmut           7%         N/A       100%        7
 Haunt                    Necr/Summ      26%        N/A       100%        7
 Ozocubu's Refrigeration  Ice            7%         4d6       100%        7
 Necromutation            Tmut/Necr      26%        N/A       100%        8
 Death's Door             Necr           37%        N/A       100%        9
 Dragon's Call            Summ           7%         N/A       100%        9
 Swiftness                Air            Unusable   N/A       N/A         3

Dungeon Overview and Level Annotations

Branches:
Dungeon (15/15)            Temple (1/1) D:5            Lair (6/6) D:8
 Shoals (0/4) Lair:2       Spider (1/4) Lair:2        Slime (0/5) Lair:5
    Orc (2/2) D:9             Elf (0/3) Orc:2        Vaults (0/5) D:13
 Depths (0/4) D:15        Gauntlet (visited)

Altars:
Ashenzari
Cheibriados
Dithmenos
Elyvilon
Fedhas
Gozag
Hepliaklqana
Kikubaaqudgha
Makhleb
Nemelex Xobeh
Okawaru
Qazlal
Ru
Sif Muna
Trog
Uskayaw
Vehumet
Wu Jian
Xom
Yredelemnul
Zin
The Shining One
Beogh
Jiyva

Shops:
D:4 *   D:12 (   D:13 *   Orc:2 *[(=

Portals:
Hell: Lair:6


Innate Abilities, Weirdness & Mutations

You cannot be hasted, slowed, berserked, paralysed or teleported.
You can dig through walls and to a lower floor.
You have a pair of large antennae on your head. (SInv)
Your four strong arms can wield two-handed weapons with a shield.
You are somewhat resistant to further mutation.
You passively map a small area around you.
You frequently scream uncontrollably at your foes.


Message History

You hear an angry hiss.
There is a crawl-hole back to the Lair, spattered with blood here.
The tarantella barely misses you. The tarantella completely misses you.
The culicivora bites you but does no damage.
The jumping spider pounces on you. The jumping spider misses you.
The culicivora bites you. The demonic crawler hits you.
The demonic crawler closely misses you.
The demonic crawler hits you but does no damage.
The tarantella closely misses you.
The radroach bites you but does no damage.
The radroach claws you but does no damage.
The pharaoh ant bites you!! You partially resist.
You feel drained. The tarantella touches you! The culicivora barely misses you.
In your confused state, you trip and fall back down the stairs.
The jumping spider pounces on you.
You are caught in a web!
The jumping spider barely misses you. The culicivora barely misses you.
The tarantella touches you but does no damage.
The tarantella touches you.
You are more confused.
The demonic crawler hits you but does no damage.
The demonic crawler barely misses you. The demonic crawler hits you.
The pharaoh ant bites you but does no damage.
The culicivora barely misses you. The jumping spider pounces on you.
You are even more entangled.
The jumping spider bites you. The radroach bites you!
The radroach claws you but does no damage.
The culicivora bites you!
You die...
Your body crumbles into a pile of gold.

#.## *
#..###### *
#......^.
##.......#*
#.......#.
* *
##.s^......
#.sBss...^.
**
#ys@s...# ,
#..ssB...#
,
#.......##
,
#........#
, ,
#ss$.$...##
#........#
#.........#
* ,
#........##
,


You could see a broodmother, a radroach, a demonic crawler, 3 culicivoras, a
pharaoh ant, 3 jumping spiders, 2 tarantellas and a meliai.

Vanquished Creatures
  Jorgrun (D:14)
  Rupert (D:15)
  Gastronok (Lair:2)
  Kirke (D:13)
  A sphinx (D:14)
  A storm dragon (D:14)
  An entropy weaver (Gauntlet)
  Nessos (D:13)
  Azrael (D:13)
  An entropy weaver (shapeshifter) (D:14)
  A minotaur (Gauntlet)
  Josephine (D:14)
  A fire dragon (D:12)
  Harold (D:8)
  14 hydras
  8 vault guards (D:13)
  4 catoblepae
  An ice dragon (D:14)
  6 centaur warriors
  A hell beast (Gauntlet)
  6 two-headed ogres
  A vampire mage (D:15)
  7 death yaks
  5 tengu warriors
  6 orc high priests (Orc:2)
  11 skeletal warriors
  A sixfirhy (Lair:6)
  A flayed ghost (D:14)
  An orb spider (Lair:2)
  A sphinx zombie (D:15)
  A wizard (Lair:6)
  9 orc knights (Orc:2)
  2 deep elf pyromancers (D:15)
  A necromancer (D:15)
  4 orc sorcerers
  A fire giant zombie (D:15)
  3 ugly things (D:14)
  2 wolf spiders (Lair:2)
  4 manticores
  A stone giant zombie (D:15)
  9 cyclopes
  A fire giant skeleton (D:15)
  12 elephants
  An orange demon (Lair:6)
  A frost giant skeleton (D:13)
  2 merfolk sirens (Lair:2)
  3 black mambas
  3 torpor snails
  15 cane toads
  5 gargoyles
  A smoke demon (Lair:6)
  3 centaur skeletons (D:13)
  4 unseen horrors
  13 komodo dragons
  A yaktaur (D:15)
  3 rime drakes
  A demonic crawler (Lair:2)
  3 tengu conjurers
  A guardian mummy (D:15)
  9 trolls
  A meliai (Lair:2)
  3 ice devils (Lair:6)
  3 polar bears
  2 merfolk (Lair:2)
  A queen bee (Orc:1)
  A hydra zombie (D:14)
  Prince Ribbit (Lair:2)
  A tarantella (Lair:2)
  A hydra skeleton (D:13)
  2 red devils (Lair:6)
  An ice dragon zombie (D:14)
  3 boulder beetle zombies
  4 dream sheep (Lair:6)
  26 blink frogs
  A jumping spider (shapeshifter) (D:14)
  5 culicivoras
  2 water elementals (D:14)
  A fire dragon skeleton (D:9)
  A shadow (D:13)
  A vampire (D:9)
  7 basilisks
  3 fire elementals (D:13)
  6 wraiths
  4 hogs (D:14)
  5 wyverns
  63 yaks
  A neqoxec (Gauntlet)
  3 chaos spawn (Gauntlet)
  2 steam dragons (D:9)
  4 vampire mosquitoes (D:13)
  An ogre zombie (D:14)
  6 redbacks
  A warg (Orc:1)
  A two-headed ogre zombie (D:12)
  A naga (shapeshifter) (D:13)
  14 water moccasins
  8 hell hounds
  A two-headed ogre skeleton (D:14)
  A tengu skeleton (D:13)
  34 orc warriors
  An ice beast (D:7)
  A swamp drake (D:9)
  A manticore zombie (D:12)
  4 black bears
  A sky beast (D:7)
  2 ogres
  A necrophage (D:6)
  39 wolves
  24 centaurs
  A manticore skeleton (D:9)
  3 phantoms
  A komodo dragon skeleton (D:13)
  12 bullfrogs
  3 kobold brigands
  A wyvern zombie (D:12)
  2 scorpions (D:6)
  A cyclops zombie (D:14)
  A cyclops skeleton (D:12)
  2 water moccasin zombies (D:5)
  A troll skeleton (D:13)
  34 killer bees
  5 wights
  14 howler monkeys
  2 bullfrog zombies (D:5)
  5 centaur zombies
  2 hounds (D:4)
  2 jellies (D:5)
  A black bear zombie (D:12)
  2 bullfrog skeletons
  2 gnoll shamans
  25 orc priests
  2 iguanas
  A scorpion zombie (D:5)
  23 orc wizards
  A killer bee zombie (D:9)
  2 hound zombies (D:5)
  9 gnolls
  A howler monkey skeleton (D:7)
  6 adders
  2 white imps (D:6)
  2 ufetubi
  A gnoll zombie (D:14)
  2 adder skeletons
  An iguana zombie (D:14)
  2 orc skeletons
  A worm (D:2)
  87 orcs
  9 ball pythons
  11 bats
  9 endoplasms
  4 giant cockroaches
  7 hobgoblins
  7 jackals
  20 kobolds
  2 quokkas
  3 training dummies (D:12)
  11 frilled lizards
  A frilled lizard zombie (D:14)
  A gnoll skeleton (D:12)
  5 goblins
  A kobold skeleton (D:12)
  A kobold zombie (D:14)
  10 rats
  2 rat skeletons
  A butterfly (Lair:1)
878 creatures vanquished.

Vanquished Creatures (others)
  A demonic plant (Gauntlet)
  24 fungi
  28 plants
  14 withered plants (D:15)
67 creatures vanquished.

Grand Total: 945 creatures vanquished

Notes
Turn   | Place    | Note
-------+----------+-------------------------------------------
     0 | D:1      | DildoBatman the Formicid Conjurer began the quest for the
                  | Orb.
     0 | D:1      | Reached XP level 1. HP: 13/13 MP: 3/3
   166 | D:1      | Reached XP level 2. HP: 7/20 MP: 0/5
   176 | D:1      | Learned a level 2 spell: Searing Ray
   536 | D:1      | Found a faded altar of an unknown god.
   576 | D:1      | Reached skill level 1 in Armour
   737 | D:1      | Reached skill level 1 in Fighting
   737 | D:1      | Reached XP level 3. HP: 19/26 MP: 2/6
  1087 | D:2      | Reached XP level 4. HP: 14/33 MP: 1/8
  1232 | D:2      | Identified the +3 short sword of the Equator {protect,
                  | rElec rPois}
  1386 | D:3      | Reached XP level 5. HP: 38/38 MP: 6/9
  1528 | D:3      | Identified the +5 ring mail of the Secret Artists {Regen+}
  1981 | D:4      | Found Geimeij's General Store.
  2198 | D:4      | Noticed a phantom
  2215 | D:4      | Killed a phantom
  2216 | D:4      | Reached XP level 6. HP: 43/46 MP: 1/11
  2795 | D:5      | Entered Level 5 of the Dungeon
  2816 | D:5      | Reached XP level 7. HP: 50/52 MP: 7/13
  2819 | D:5      | Found a staircase to the Ecumenical Temple.
  2828 | Temple   | Entered the Ecumenical Temple
  2890 | Temple   | Became a worshipper of Kikubaaqudgha
  2904 | D:5      | Reached skill level 5 in Conjurations
  2978 | D:5      | Noticed a yak
  2979 | D:5      | Noticed a yak
  2979 | D:5      | Noticed a yak
  2980 | D:5      | Noticed a yak
  3038 | D:5      | Killed a yak
  3077 | D:5      | Killed a yak
  3078 | D:5      | Reached skill level 5 in Spellcasting
  3078 | D:5      | Reached XP level 8. HP: 46/58 MP: 0/16
  3417 | D:5      | Noticed a yak
  3418 | D:5      | Noticed a yak
  3516 | D:5      | Killed a yak
  3519 | D:5      | Killed a yak
  3521 | D:5      | Killed a yak
  3522 | D:5      | Reached skill level 5 in Shields
  3522 | D:5      | Reached XP level 9. HP: 57/63 MP: 7/19
  4161 | D:6      | Reached * piety under Kikubaaqudgha
  4161 | D:6      | Received a gift from Kikubaaqudgha
  4169 | D:6      | Learned a level 2 spell: Sublimation of Blood
  4784 | D:6      | Reached ** piety under Kikubaaqudgha
  5253 | D:7      | Learned a level 3 spell: Stone Arrow
  5335 | D:7      | Reached XP level 10. HP: 70/71 MP: 11/20
  5572 | D:7      | Reached *** piety under Kikubaaqudgha
  5572 | D:7      | Received a gift from Kikubaaqudgha
  5573 | D:7      | Reached skill level 5 in Fighting
  5573 | D:7      | Reached skill level 5 in Armour
  5656 | D:7      | Reached skill level 1 in Earth Magic
  5657 | D:7      | Reached skill level 1 in Necromancy
  5659 | D:7      | Reached skill level 2 in Earth Magic
  5817 | D:7      | Reached skill level 3 in Earth Magic
  6317 | D:8      | Found a staircase to the Lair.
  6318 | D:8      | Noticed a komodo dragon
  6392 | D:8      | Killed a komodo dragon
  6393 | D:8      | Reached skill level 4 in Earth Magic
  6544 | D:8      | Noticed Harold
  6861 | D:8      | Learned a level 5 spell: Borgnjor's Vile Clutch
  6865 | D:8      | Learned a level 3 spell: Ozocubu's Armour
  6940 | D:8      | Killed Harold
  6941 | D:8      | Reached skill level 5 in Earth Magic
  7051 | D:8      | Reached skill level 5 in Necromancy
  7051 | D:8      | Reached skill level 6 in Earth Magic
  7176 | D:8      | Found an opulent altar of Gozag.
  7737 | D:9      | Reached XP level 11. HP: 67/79 MP: 14/21
  7748 | D:9      | Noticed a catoblepas
  8171 | D:9      | Reached **** piety under Kikubaaqudgha
  8186 | D:9      | Found a staircase to the Orcish Mines.
  8194 | D:9      | Reached skill level 7 in Earth Magic
  8323 | D:9      | Identified the +0 robe of Jeyguypre {rN++ Will-}
  8971 | D:10     | Entered Level 10 of the Dungeon
  9059 | D:10     | Reached skill level 8 in Earth Magic
  9161 | D:10     | Noticed a two-headed ogre
  9265 | D:10     | Noticed a two-headed ogre
  9346 | D:10     | Noticed a two-headed ogre
  9504 | D:10     | Learned a level 3 spell: Mephitic Cloud
 10051 | D:11     | Noticed a two-headed ogre
 10064 | D:11     | Killed a two-headed ogre
 10126 | D:11     | Reached skill level 9 in Earth Magic
 10180 | D:10     | Killed a two-headed ogre
 10266 | D:10     | Killed a two-headed ogre
 10319 | D:10     | Killed a two-headed ogre
 10686 | D:11     | Reached XP level 12. HP: 86/86 MP: 9/22
 10719 | D:11     | Noticed a two-headed ogre
 10723 | D:11     | Killed a two-headed ogre
 11094 | D:9      | Killed a catoblepas
 11095 | D:9      | Reached skill level 10 in Earth Magic
 11146 | Orc:1    | Entered Level 1 of the Orcish Mines
 11314 | Orc:1    | Identified 2 scrolls of acquirement
 11334 | Orc:2    | Entered Level 2 of the Orcish Mines
 11360 | Orc:2    | Found a gate leading to a gauntlet.
 11378 | Orc:2    | Found a runed translucent door.
 11429 | Gauntlet | Entered a Gauntlet
 11429 | Gauntlet | Found a transporter.
 11438 | Gauntlet | Found a transporter.
 11441 | Gauntlet | Found a transporter.
 11442 | Gauntlet | Found a transporter.
 11450 | Gauntlet | Found a transporter.
 11453 | Gauntlet | Found a transporter.
 11454 | Gauntlet | Found a transporter.
 11458 | Gauntlet | Found a runed translucent door.
 11462 | Gauntlet | Found a transporter.
 11465 | Gauntlet | Found a transporter.
 11466 | Gauntlet | Found a transporter.
 11466 | Gauntlet | Noticed a tengu warrior
 11474 | Gauntlet | Found a transporter.
 11474 | Gauntlet | Found a runed translucent door.
 11474 | Gauntlet | Noticed a hell beast
 11477 | Gauntlet | Found a transporter.
 11478 | Gauntlet | Found a transporter.
 11485 | Gauntlet | Noticed an entropy weaver
 11487 | Gauntlet | Found a transporter.
 11671 | Gauntlet | Reached skill level 10 in Necromancy
 11752 | Gauntlet | Reached skill level 11 in Earth Magic
 11844 | Gauntlet | Gained mutation: You are weak. (Str -2) [a neqoxec]
 11911 | Gauntlet | Killed a tengu warrior
 11978 | Gauntlet | Killed a hell beast
 12039 | Gauntlet | Killed an entropy weaver
 12095 | Gauntlet | Noticed a minotaur
 12104 | Gauntlet | Killed a minotaur
 12105 | Gauntlet | Reached skill level 12 in Earth Magic
 12110 | Gauntlet | Found the +5 robe of Misfortune {Harm *Corrode *Slow EV+5}
 12125 | Gauntlet | Got the Collected Works on Glacial Evil Arts
 12283 | Orc:2    | Found a staircase to the Elven Halls.
 12409 | Orc:2    | Noticed an orc high priest
 12434 | Orc:2    | Reached XP level 13. HP: 84/91 MP: 16/23
 12461 | Orc:2    | Reached ***** piety under Kikubaaqudgha
 12986 | Orc:2    | Reached skill level 5 in Dodging
 13378 | Orc:2    | Found Fekkoi's Armour Shop.
 13379 | Orc:2    | Found Huifanlaps's Antique Weapon Boutique.
 13379 | Orc:2    | Found Jeoh's Jewellery Shop.
 13380 | Orc:2    | Found Qaqiocho's General Store.
 14226 | Orc:1    | Reached XP level 14. HP: 95/97 MP: 11/26
 14695 | D:12     | You fall into a shaft and drop 3 floors!
 14695 | D:15     | Entered Level 15 of the Dungeon
 14965 | D:13     | Found Lepn's Changing Room.
 15007 | D:12     | Reached ****** piety under Kikubaaqudgha
 15008 | D:12     | Received a gift from Kikubaaqudgha
 15009 | D:12     | Fell from the grace of Kikubaaqudgha
 15133 | D:8      | Became a worshipper of Gozag Ym Sagoz the Greedy
 15224 | D:12     | Found Fiazoifi's Firing Range.
 15453 | D:12     | Identified the ring of Igorix {Drain rN+ Will+ Str+4}
 15788 | D:12     | Reached skill level 10 in Fighting
 15788 | D:12     | Reached skill level 10 in Armour
 16296 | D:13     | Found a gate to the Vaults.
 16533 | D:13     | Noticed Nessos
 16539 | D:13     | Killed Nessos
 16661 | D:13     | Bought a potion of mutation for 152 gold pieces
 16661 | D:13     | Bought a potion of mutation for 152 gold pieces
 16661 | D:13     | Bought a potion of mutation for 152 gold pieces
 16661 | D:13     | Lost mutation: You are weak. (Str -2) [potion of mutation]
 16661 | D:13     | Gained mutation: You are weak. (Str -2) [potion of
                  | mutation]
 16661 | D:13     | Gained mutation: You possess an exceptional clarity of
                  | mind. [potion of mutation]
 16662 | D:13     | Lost mutation: You possess an exceptional clarity of mind.
                  | [potion of mutation]
 16662 | D:13     | Lost mutation: You are weak. (Str -2) [potion of mutation]
 16662 | D:13     | Gained mutation: You are partially covered in large bone
                  | plates. (SH +4) [potion of mutation]
 16662 | D:13     | Gained mutation: You occasionally shout uncontrollably at
                  | your foes. [potion of mutation]
 16662 | D:13     | Gained mutation: You are agile. (Dex +2) [potion of
                  | mutation]
 16663 | D:13     | Lost mutation: You are agile. (Dex +2) [potion of mutation]
 16663 | D:13     | Lost mutation: You are partially covered in large bone
                  | plates. (SH +4) [potion of mutation]
 16663 | D:13     | Gained mutation: You passively map a small area around you.
                  | [potion of mutation]
 16663 | D:13     | Gained mutation: You frequently scream uncontrollably at
                  | your foes. [potion of mutation]
 16663 | D:13     | Gained mutation: You are somewhat resistant to further
                  | mutation. [potion of mutation]
 16788 | D:13     | Reached XP level 15. HP: 115/115 MP: 17/27
 16841 | D:13     | Noticed Azrael
 16848 | D:13     | Killed Azrael
 17407 | D:4      | Bought a potion of flight for 39 gold pieces
 17689 | D:14     | Reached skill level 13 in Earth Magic
 17951 | D:14     | Noticed Josephine
 17962 | D:14     | Killed Josephine
 18809 | D:14     | Reached skill level 10 in Spellcasting
 18988 | D:14     | Noticed Jorgrun
 19001 | D:14     | Killed Jorgrun
 19054 | D:14     | Noticed Kirke
 19546 | D:14     | Reached skill level 14 in Earth Magic
 19639 | D:14     | Noticed a storm dragon
 19727 | D:13     | Was forgiven by Kikubaaqudgha
 19852 | D:14     | Killed a storm dragon
 20079 | D:14     | Noticed a sphinx
 20115 | D:14     | Killed a sphinx
 20546 | D:13     | Killed Kirke
 20572 | D:15     | Noticed Rupert
 20861 | D:15     | Killed Rupert
 20937 | D:15     | Reached XP level 16. HP: 77/122 MP: 2/30
 21050 | D:15     | Found a staircase to the Depths.
 21743 | Lair:1   | Entered Level 1 of the Lair of Beasts
 22044 | Lair:1   | Reached skill level 15 in Earth Magic
 22589 | Lair:2   | Found a staircase to the Shoals.
 22794 | Lair:2   | Noticed Prince Ribbit
 22800 | Lair:2   | Killed Prince Ribbit
 22837 | Lair:2   | Found a snail-covered altar of Cheibriados.
 23041 | Lair:2   | Found a hole to the Spider Nest.
 23132 | Lair:2   | Noticed Gastronok
 23143 | Lair:2   | Killed Gastronok
 23967 | Lair:3   | Reached skill level 15 in Necromancy
 23967 | Lair:3   | Reached skill level 16 in Earth Magic
 25058 | Lair:5   | Reached XP level 17. HP: 123/128 MP: 10/33
 25063 | Lair:5   | Reached skill level 10 in Shields
 25310 | Lair:5   | Found a staircase to the Slime Pits.
 25310 | Lair:5   | Found a viscous altar of Jiyva.
 25613 | Lair:6   | Entered Level 6 of the Lair of Beasts
 26699 | Lair:6   | Found a burning altar of Makhleb.
 26746 | Lair:6   | Found a gateway to Hell.
 26753 | Lair:6   | Identified the ring of Cinugg {rC+ rN+ Will+ Stlth+}
 27003 | Spider:1 | Entered Level 1 of the Spider Nest
 27165 | Spider:1 | Slain by a culicivora

Illustrated notes

Levels and vault maps discovered:
D:1:      dpeg_arrival_round_c, layout_basic, hellmonk_ecumenical_altar_zigzags
D:2:      layout_basic, minmay_pentomino_o2
D:3:      layout_loops_ring
D:4:      layout_loops_ring, serial_shops, nicolae_shop_hallway_stairs,
          grunt_ministairs_5
D:5:      layout_layer_cave, minmay_temple_entry_stoned_glass, serial_undead,
          serial_undead_b, serial_undead_b, serial_undead_b, serial_undead_e,
          nicolae_concentric_dashed_squares_wild
D:6:      layout_basic, serial_aquarium, aquarium_bridge_square
          [aquarium_subvault_bridge, aquarium_subvault_bridge,
          aquarium_subvault_bridge, aquarium_subvault_wall],
          aquarium_bridge_straight [aquarium_subvault_bridge,
          aquarium_subvault_balcony, aquarium_subvault_bridge,
          aquarium_subvault_wall], aquarium_window_fake, aquarium_window_fake,
          aquarium_window_corridor_3, aquarium_window_1, aquarium_view_2c,
          aquarium_view_2f, minmay_microvault
D:7:      layout_basic, serial_bayou_pond_c, kennysheep_generic_room_5
D:8:      layout_loops_corners, mainiacjoe_overflow_alcove_4,
          david_lair_shrubbed, hangedman_decor_diamond_cutter, uniq_harold
D:9:      layout_grid_maze, erik_orc_1, wad_dig_loot
D:10:     layout_cave_pods, minmay_fractal_squares_gapless_5
D:11:     layout_basic
D:12:     layout_basic, nicolae_shop_firing_range
D:13:     layout_basic, erik_vaults_2, abandoned_shop,
          nicolae_transmutations_shop, uniq_azrael, uniq_nessos
D:14:     cross_vault, layout_layer_cave, uniq_jorgrun, uniq_josephine,
          uniq_kirke
D:15:     gammafunk_depths_entry_grave, layout_basic, uniq_rupert
Temple:   grunt_wide_crystal_templ
Lair:1:   layout_chaotic_city, nicolae_lair_lil_pond, grunt_megastairs_2,
          lemuel_fruit_tree, infiniplex_staircase_pool_2, lemuel_fruit_fields
Lair:2:   wander_river, layout_hall_layers, elwin_shoals_entry_stream,
          nicolae_spider_entry_orb_guardian, lemuel_centaur_altar,
          uniq_gastronok, uniq_prince_ribbit2
Lair:3:   layout_long_grid, serial_bayou_pond_d
Lair:4:   layout_gridlike
Lair:5:   layout_big_grid, slime_altar_1, lemuel_fruit_fields
Lair:6:   evil_forest, layout_gridlike, grunt_forest_large_clearings
Spider:1: layout_cave_pods, portal_ice_cave_entry_pillars_three,
          gammafunk_ghost_cemetery, nicolae_spider_bug_shape
Orc:1:    layout_diamond_mine, special_room [special_room_bee]
Orc:2:    st_orc_pillars, layout_diamond_mine, gauntlet_entry_generic,
          lightli_church_of_beogh

Skill      XL: |  1  2  3  4  5  6  7  8  9 10 11 12 13 14 15 16 17 |
---------------+----------------------------------------------------+-----
Dodging        | 2 3 6 7 |  7.0
Armour         | 1 2 3 4 5 7 10 | 10.0
Fighting       | 1 2 3 4 5 7 10 | 10.0
Conjurations   | 4 5 6 |  6.0
Spellcasting   | 3 4 5 7 8 10 12 | 12.0
Shields        | 5 9 14 | 14.8
Earth Magic    | 6 9 12 14 16 | 16.3
Necromancy     | 5 9 11 12 13 15 | 15.2
Stealth        | |  2.4

Action                   |  1- 3 |  4- 6 |  7- 9 | 10-12 | 13-15 | 16-18 || total
-------------------------+-------+-------+-------+-------+-------+-------++-------
Melee: Hand axe          |     4 |       |     3 |       |       |       ||     7
       Dagger            |    15 |       |       |       |       |       ||    15
       Staff             |     4 |    28 |       |       |       |       ||    32
       Short sword       |       |    22 |   252 |   543 |   664 |   493 ||  1974
       Trident           |       |       |       |    32 |     1 |       ||    33
       Long sword        |       |       |       |     2 |       |       ||     2
       Scimitar          |       |       |       |       |     4 |     2 ||     6
 Fire: Hunting sling     |     6 |       |       |       |       |       ||     6
       Shortbow          |       |       |       |       |     4 |       ||     4
 Cast: Magic Dart        |    28 |    27 |       |       |     2 |       ||    57
       Searing Ray       |     8 |    18 |    32 |    51 |     3 |       ||   112
       Stone Arrow       |       |       |       |    47 |    54 |     2 ||   103
       Sublimation of Bl |       |       |       |    31 |    83 |    59 ||   173
       Borgnjor's Vile C |       |       |       |    30 |   231 |   218 ||   479
Invok: Receive Forbidden |       |       |       |       |     1 |       ||     1
       Renounce Religion |       |       |       |       |     1 |       ||     1
 Abil: Dig               |       |       |     5 |     3 |     7 |     6 ||    21
  Use: Scroll            |       |     4 |       |     5 |     1 |     5 ||    15
       Potion            |       |       |       |       |     3 |       ||     3
 Stab: Sleeping          |       |       |     1 |     1 |       |       ||     2
       Distracted        |       |       |       |       |     3 |     5 ||     8
       Petrified         |       |       |       |       |       |    19 ||    19
       Petrifying        |       |       |       |       |       |     1 ||     1
Armor: Robe              |    10 |     3 |       |       |       |       ||    13
       Ring mail         |       |    19 |   122 |   342 |   418 |   290 ||  1191
Dodge: Dodged            |    26 |    36 |   185 |   398 |   602 |   450 ||  1697
Block: Kite shield       |       |       |   179 |   636 |   623 |   220 ||  1658
       Tower shield      |       |       |       |       |       |   524 ||   524
